 Dungeon Sprint DCSS version 0.16.2-12-gd0ad4c3 (webtiles) character file.

13311 Ponchio the Eclecticist (level 11, -16/54 HPs)
             Began as a Deep Elf Fire Elementalist on Sept 22, 2015.
             Was the Champion of Vehumet.
             Killed from afar by a spriggan air mage (30 damage)
             ... with a bolt of lightning
             ... in the Dungeon (Sprint V: "Ziggurat Sprint") on Sept 23, 2015.
             The game lasted 00:49:00 (1592 turns).

Ponchio the Eclecticist (DEFE)                      Turns: 1592, Time: 00:49:14

Health: -16/54     AC:  4    Str:  5    XL:     11   Next: 73%
Magic:  41/44      EV: 24    Int: 42    God:    Vehumet [******]
Gold:   0          SH:  0    Dex: 15    Spells: 7 memorised, 19 levels left

rFire  . . .     SeeInvis .     J - +6 Majin-Bo {vamp, Archmagi MP+6 Int+6}
rCold  . . .     Clarity  .     L - +2 robe
rNeg   . . .     SustAb   .     (no shield)
rPois  .         Gourm    .     (no helmet)
rElec  .         Spirit   .     (no cloak)
rCorr  .         Warding  .     (no gloves)
rMut   .         NoTele   +     (no boots)
MR     +....                    (no amulet)
Stlth  ++........               B - +6 ring of intelligence
                                C - +6 ring of intelligence

@: very slightly contaminated, invisible, somewhat resistant to hostile
enchantments, unstealthy
A: no striking features
a: Renounce Religion


You were in the Dungeon.
You worshipped Vehumet.
Vehumet was exalted by your worship.
You were not hungry.

You visited 1 branch

Inventory:

Hand weapons
 J - the +6 Majin-Bo (weapon) {vamp, Archmagi MP+6 Int+6}
   (You found it in the Dungeon)

   It inflicts no extra harm, but heals its wielder somewhat when it strikes a
   living foe.
   It affects your intelligence (+6).
   It affects your magic capacity (+6).
Armour
 L - a +2 robe (worn)
Jewellery
 B - a +6 ring of intelligence (right hand)
 C - a +6 ring of intelligence (left hand)
Magical devices
 F - a wand of disintegration (2)
 H - a wand of cold (5)
 I - a wand of draining (3)
Scrolls
 h - 4 scrolls of enchant weapon
 i - 4 scrolls of blinking
 q - 4 scrolls of amnesia
 r - 3 scrolls of recharging
 s - 7 scrolls of fog
 t - a scroll of holy word
 u - 5 scrolls of identify
 v - 5 scrolls of remove curse
 w - 2 scrolls of fear
Potions
 d - 3 potions of curing
 e - 6 potions of heal wounds
 f - 3 potions of haste
 g - 7 potions of magic
 j - 2 potions of brilliance
 k - a potion of invisibility
 l - 2 potions of restore abilities
 m - 4 potions of resistance
 o - 5 potions of agility
 p - 5 potions of might
Books
 b - a book of Flames

   Spells                             Type                      Level
   a - Flame Tongue                   Conjuration/Fire             1
   b - Throw Flame                    Conjuration/Fire             2
   c - Conjure Flame                  Conjuration/Fire             3
   d - Inner Flame                    Hexes/Fire                   3
   e - Sticky Flame                   Conjuration/Fire             4
   f - Fireball                       Conjuration/Fire             5
 n - a Necronomicon This book is beyond your current level of understanding.

   Spells                             Type                      Level
   a - Haunt                          Necromancy/Summoning         7
   b - Borgnjor's Revivification      Necromancy                   8
   c - Death's Door                   Charms/Necromancy            8
   d - Necromutation                  Transmutation/Necromancy     8
 y - a book of Death

   Spells                             Type                      Level
   a - Corpse Rot                     Necromancy                   2
   b - Sublimation of Blood           Necromancy                   2
   c - Agony                          Necromancy                   5
   d - Dispel Undead                  Necromancy                   5
   e - Excruciating Wounds            Charms/Necromancy            5
   f - Bolt of Draining               Conjuration/Necromancy       5
 D - Lee's Handbook of Stones
   (You found it in the Dungeon)

   Spells                             Type                      Level
   a - Sandblast                      Earth                        1
   b - Petrify                        Transmutation/Earth          4
   c - Bolt of Magma                  Conjuration/Fire/Earth       5
   d - Iron Shot                      Conjuration/Earth            6
 E - a book of Clouds

   Spells                             Type                      Level
   a - Mephitic Cloud                 Conjuration/Poison/Air       3
   b - Conjure Flame                  Conjuration/Fire             3
   c - Poisonous Cloud                Conjuration/Poison/Air       6
   d - Freezing Cloud                 Conjuration/Ice/Air          6
   e - Ring of Flames                 Charms/Fire                  7
 P - Smibis' Reference Book on Glacial Combat Magic
   (You found it in the Dungeon)

   Spells                             Type                      Level
   a - Shock                          Conjuration/Air              1
   b - Throw Frost                    Conjuration/Ice              2
   c - Bolt of Magma                  Conjuration/Fire/Earth       5
   d - Bolt of Cold                   Conjuration/Ice              6
   e - Freezing Cloud                 Conjuration/Ice/Air          6
Miscellaneous
 a - a fan of gales
 A - a lamp of fire
 G - a stone of tremors
 K - a phial of floods
 M - a phantom mirror
Comestibles
 c - 5 bread rations
 x - 35 fruits
 z - 4 meat rations


   Skills:
 + Level 17.6 Dodging
 - Level 2.4 Stealth
 + Level 19.6 Spellcasting
 + Level 16.7 Conjurations
 - Level 6.6 Necromancy
 - Level 3.2 Fire Magic
 + Level 15.3 Evocations


You had 19 spell levels left.
You knew the following spells:

 Your Spells              Type           Power        Failure   Level  Hunger
a - Flame Tongue          Conj/Fire      #####        0%          1    None
b - Fireball              Conj/Fire      ########..   1%          5    None
c - Sublimation of Blood  Necr           #######...   1%          2    None
d - Dispel Undead         Necr           #######.     1%          5    None
e - Agony                 Necr           #######.     1%          5    None
f - Iron Shot             Conj/Erth      ########..   1%          6    None
g - Bolt of Cold          Conj/Ice       ########..   1%          6    None


Dungeon Overview and Level Annotations

Branches:
Dungeon (1/1)

Altars:
Ashenzari
Cheibriados
Dithmenos
Elyvilon
Fedhas
Gozag
Kikubaaqudgha
Makhleb
Nemelex Xobeh
Okawaru
Qazlal
Ru
Sif Muna
Trog
Vehumet
Xom
Yredelemnul
Zin
The Shining One
Beogh
Jiyva
Lugonu


Message History

Aim: a hornet (severely wounded, hasn't noticed you)
You feel a surge of power!
The fireball explodes!
The fireball engulfs the hornet.
You kill the hornet!
Vehumet accepts your kill.
You feel your power returning.
The fireball engulfs the apis.
The apis is almost dead.
The fireball engulfs the dire elephant.
The dire elephant is heavily wounded.
The fireball engulfs the dryad.
The dryad is burned terribly!
You kill the dryad!
Vehumet accepts your kill.
You feel your power returning.
The fireball engulfs the spriggan air mage.
The spriggan air mage is heavily wounded.
* * * LOW HITPOINT WARNING * * *
The spriggan air mage points at you and mumbles some strange words.
The bolt of lightning hits you!
Ouch! That really hurt!
You die...

)|. ▓...|)}:..▓.
..|:[=[..▓...==}|..▓.
▓...YY....▓.........▓.
▓...†)i...▓.........▓.
▓....)....▓.........▓.
▓....[....▓.........▓.
▓.........▓.........▓.
▓.........▓.....†...▓.
▓....@....▓.........▓▓
▓▓▓▓▓▓▓▓▓▓▓▓▓▓▓▓▓▓▓▓▓


You could see an apis (wandering), a dire elephant (wandering) and a spriggan
air mage.

Vanquished Creatures
  A spriggan defender (D)
  A spriggan air mage (D)
  A satyr (D)
  A deep elf knight (D)
  A deep elf summoner (D)
  A deep elf conjurer (D)
  2 ugly things (D)
  A wolf spider (D)
  A hornet (D)
  A black mamba (D)
  A dryad (D)
  A komodo dragon (shapeshifter) (D)
  A troll (shapeshifter) (D)
  2 merfolk (D)
  A redback (D)
  2 deep elf magi (D)
  2 air elementals (D)
  A deep elf fighter (D)
  2 insubstantial wisps (D)
  3 nagas (D)
  A soldier ant (shapeshifter) (D)
  2 water moccasins (D)
  An orc warrior (D)
  2 centaurs (D)
  A giant frog (D)
  A goliath beetle (shapeshifter) (D)
  2 jellies (D)
  5 orc wizards (D)
  3 orc priests (D)
  An iguana (D)
  3 sheep (D)
  3 adders (D)
  A spectral adder (D)
  2 orcs (D)
  2 ball pythons (D)
  A bat skeleton (D)
  A ball python zombie (D)
  A jackal (D)
  A butterfly (D)
  2 fungi (D)
63 creatures vanquished.

Vanquished Creatures (collateral kills)
  A shadow dragon (D)
  A ghoul (D)
  4 soul eaters (D)
  2 insubstantial wisps (D)
  An adder zombie (D)
9 creatures vanquished.

Vanquished Creatures (others)
  A spatial maelstrom (D)
1 creature vanquished.

Grand Total: 73 creatures vanquished

Notes
Turn   | Place    | Note
--------------------------------------------------------------
     0 | D        | Ponchio, the Deep Elf Fire Elementalist, began the quest for the Orb.
     0 | D        | Reached XP level 1. HP: 10/10 MP: 5/5
     0 | D        | Found a viscous altar of Jiyva.
     0 | D        | Found a corrupted altar of Lugonu.
     0 | D        | Found a white marble altar of Elyvilon.
     1 | D        | Found a burning altar of Makhleb.
     1 | D        | Found an iron altar of Okawaru.
     1 | D        | Banished a spatial maelstrom
     3 | D        | Found a sparkling altar of Nemelex Xobeh.
     3 | D        | Found a basalt altar of Yredelemnul.
     3 | D        | Found a deep blue altar of Sif Muna.
     3 | D        | Found a radiant altar of Vehumet.
     7 | D        | Found a bloodstained altar of Trog.
     7 | D        | Found a shimmering altar of Xom.
    38 | D        | Became a worshipper of Vehumet
    50 | D        | Reached skill level 8 in Evocations
    50 | D        | Reached XP level 2. HP: 15/15 MP: 6/8
   108 | D        | Entered arena 1.
   108 | D        | Noticed a jelly
   108 | D        | Noticed a jelly
   109 | D        | Killed a jelly
   109 | D        | Reached XP level 3. HP: 19/19 MP: 12/12
   110 | D        | Killed a jelly
   110 | D        | Reached skill level 5 in Spellcasting
   110 | D        | Reached XP level 4. HP: 24/24 MP: 17/17
   141 | D        | Entered arena 2.
   141 | D        | Noticed a naga
   142 | D        | Killed a naga
   142 | D        | Acquired Vehumet's first power
   142 | D        | Offered knowledge of Freeze by Vehumet.
   142 | D        | Reached skill level 5 in Conjurations
   142 | D        | Reached XP level 5. HP: 28/28 MP: 22/22
   155 | D        | Entered arena 3.
   155 | D        | Noticed an orc wizard
   155 | D        | Noticed an orc wizard
   156 | D        | Killed an orc wizard
   157 | D        | Killed an orc wizard
   176 | D        | Entered arena 4.
   176 | D        | Noticed an iguana
   176 | D        | Noticed a giant frog
   177 | D        | Killed an iguana
   177 | D        | Acquired Vehumet's second power
   177 | D        | Reached skill level 9 in Spellcasting
   177 | D        | Reached XP level 6. HP: 32/32 MP: 25/25
   184 | D        | Killed a giant frog
   184 | D        | Reached skill level 10 in Spellcasting
   201 | D        | Learned a level 5 spell: Fireball
   246 | D        | Entered arena 5.
   246 | D        | Noticed a goliath beetle
   246 | D        | Noticed a green ugly thing
   246 | D        | Noticed a wasp
   246 | D        | Noticed a soldier ant
   246 | D        | Noticed a purple ugly thing
   249 | D        | Noticed a troll
   249 | D        | a wasp changed into a troll
   251 | D        | Killed a soldier ant
   251 | D        | Acquired Vehumet's third power
   251 | D        | Reached skill level 11 in Spellcasting
   251 | D        | Killed a troll
   251 | D        | Reached skill level 12 in Spellcasting
   251 | D        | Reached skill level 10 in Conjurations
   251 | D        | Reached XP level 7. HP: 19/36 MP: 14/29
   253 | D        | Killed a white ugly thing
   253 | D        | Reached skill level 13 in Spellcasting
   253 | D        | Reached XP level 8. HP: 31/41 MP: 12/31
   254 | D        | Killed a green ugly thing
   254 | D        | Reached skill level 14 in Spellcasting
   255 | D        | Killed a goliath beetle
   255 | D        | Reached skill level 15 in Spellcasting
   473 | D        | Entered arena 6.
   473 | D        | Noticed an insubstantial wisp
   473 | D        | Noticed an insubstantial wisp
   473 | D        | Noticed an air elemental
   473 | D        | Noticed an insubstantial wisp
   473 | D        | Noticed an air elemental
   473 | D        | Noticed an insubstantial wisp
   474 | D        | Killed an air elemental
   475 | D        | Killed an air elemental
   478 | D        | Killed an insubstantial wisp
   480 | D        | Killed an insubstantial wisp
   480 | D        | Reached XP level 9. HP: 28/45 MP: 21/34
   482 | D        | Killed an insubstantial wisp
   486 | D        | Killed an insubstantial wisp
   486 | D        | Reached skill level 10 in Evocations
   649 | D        | Identified the Grimoire of Slavery (You found it in the Dungeon)
   651 | D        | Entered arena 7.
   651 | D        | Noticed a merfolk
   651 | D        | Noticed a centaur
   651 | D        | Noticed a centaur
   651 | D        | Noticed a merfolk
   652 | D        | Killed a centaur
   652 | D        | Offered knowledge of Throw Frost by Vehumet.
   653 | D        | Killed a centaur
   653 | D        | Killed a merfolk
   653 | D        | Reached skill level 10 in Dodging
   653 | D        | Reached skill level 16 in Spellcasting
   654 | D        | Killed a merfolk
   867 | D        | Entered arena 8.
   867 | D        | Noticed an orc priest
   867 | D        | Noticed an orc priest
   867 | D        | Noticed an orc priest
   867 | D        | Noticed an orc warrior
   867 | D        | Noticed an orc wizard
   867 | D        | Noticed an orc wizard
   867 | D        | Noticed an orc wizard
   868 | D        | Killed an orc wizard
   868 | D        | Offered knowledge of Static Discharge by Vehumet.
   868 | D        | Killed an orc wizard
   868 | D        | Killed an orc wizard
   869 | D        | Killed an orc priest
   869 | D        | Killed an orc priest
   869 | D        | Killed an orc priest
   870 | D        | Killed an orc warrior
   881 | D        | Learned a level 2 spell: Sublimation of Blood
   973 | D        | Entered arena 9.
   973 | D        | Noticed a water moccasin
   973 | D        | Noticed a water moccasin
   973 | D        | Noticed a naga
   973 | D        | Noticed a naga
   973 | D        | Noticed a black mamba
   974 | D        | Killed a naga
   974 | D        | Reached skill level 1 in Necromancy
   974 | D        | Killed a water moccasin
   974 | D        | Killed a water moccasin
   975 | D        | Killed a black mamba
   975 | D        | Killed a naga
   975 | D        | Reached XP level 10. HP: 44/50 MP: 35/35
   985 | D        | Learned a level 5 spell: Dispel Undead
   991 | D        | Learned a level 5 spell: Agony
  1052 | D        | Identified Smibis' Reference Book on Glacial Combat Magic (You found it in the Dungeon)
  1061 | D        | Entered arena 10.
  1061 | D        | Noticed a deep elf conjurer
  1061 | D        | Noticed a deep elf knight
  1061 | D        | Noticed a deep elf fighter
  1061 | D        | Noticed a deep elf mage
  1061 | D        | Noticed a komodo dragon
  1061 | D        | Noticed a deep elf summoner
  1061 | D        | Noticed a deep elf mage
  1064 | D        | Killed a komodo dragon
  1064 | D        | Offered knowledge of Force Lance by Vehumet.
  1065 | D        | Killed a deep elf summoner
  1065 | D        | Reached skill level 17 in Spellcasting
  1065 | D        | Killed a deep elf mage
  1065 | D        | Reached skill level 5 in Necromancy
  1066 | D        | Killed a deep elf conjurer
  1067 | D        | Killed a deep elf fighter
  1067 | D        | Killed a deep elf knight
  1068 | D        | Killed a deep elf mage
  1329 | D        | Got the amulet of the Firefly {+Rage rElec}
  1355 | D        | Entered arena 11.
  1355 | D        | Noticed a ghoul
  1355 | D        | Noticed a soul eater
  1355 | D        | Noticed a soul eater
  1355 | D        | Noticed a soul eater
  1355 | D        | Noticed a soul eater
  1357 | D        | Offered knowledge of Throw Icicle by Vehumet.
  1358 | D        | Noticed a shadow dragon
  1366 | D        | Killed a soul eater
  1366 | D        | Reached skill level 15 in Conjurations
  1367 | D        | Killed a shadow dragon
  1367 | D        | Reached skill level 15 in Dodging
  1367 | D        | Reached skill level 18 in Spellcasting
  1367 | D        | Reached XP level 11. HP: 35/54 MP: 36/37
  1371 | D        | Killed a ghoul
  1375 | D        | Killed a soul eater
  1377 | D        | Killed a soul eater
  1379 | D        | Killed a soul eater
  1558 | D        | Identified Lee's Handbook of Stones (You found it in the Dungeon)
  1563 | D        | Identified the Disquisition on Execration (You found it in the Dungeon)
  1573 | D        | Learned a level 6 spell: Iron Shot
  1580 | D        | Learned a level 6 spell: Bolt of Cold
  1586 | D        | Entered arena 12.
  1586 | D        | Noticed a wolf spider
  1586 | D        | Noticed a spriggan air mage
  1586 | D        | Noticed a satyr
  1586 | D        | Noticed an apis
  1586 | D        | Noticed a spriggan air mage
  1586 | D        | Noticed a dryad
  1586 | D        | Noticed a redback
  1587 | D        | Noticed a dire elephant
  1587 | D        | Killed a redback
  1587 | D        | Offered knowledge of Bolt of Fire by Vehumet.
  1588 | D        | Noticed a spriggan defender
  1588 | D        | Killed a wolf spider
  1588 | D        | Killed a satyr
  1588 | D        | Reached skill level 19 in Spellcasting
  1588 | D        | Killed a spriggan air mage
  1589 | D        | Noticed a hornet
  1590 | D        | Killed a spriggan defender
  1590 | D        | Reached skill level 15 in Evocations
  1592 | D        | Killed a hornet
  1592 | D        | Killed a dryad
  1592 | D        | Killed from afar by a spriggan air mage

Action                   |  1- 3 |  4- 6 |  7- 9 | 10-12 || total
-------------------------+-------+-------+-------+-------++-------
Melee: Quarterstaff      |       |       |       |     5 ||     5
 Cast: Flame Tongue      |       |     6 |     2 |       ||     8
       Fireball          |       |     2 |    17 |    13 ||    32
       Iron Shot         |       |       |       |     1 ||     1
Evoke: Wand              |     1 |     9 |       |     2 ||    12
       Fan of gales      |       |       |     1 |     1 ||     2
       Lamp of fire      |       |       |       |     1 ||     1
       Phial of floods   |       |       |       |     1 ||     1
  Use: Potion            |     1 |     1 |     2 |    12 ||    16
  Eat: Fruit             |     2 |       |     2 |     3 ||     7
       Chunk             |       |     1 |       |     1 ||     2
